AoeStats
← Corsican Pirate

Nomad

509712230Analyzed
4v4 RM · 5d ago on Sep 27, 2026· 49m 2s· 8 players
Game mode
Random Map
Map size
231×231
Population
200
Speed
Normal
Resources
Standard
Victory
Conquest
Starting age
Dark Age
Ending age
Imperial Age
RankedLock teamsTeams togetherTeam positionsShared explorationLock speedFull tech treeHidden civsTurbo modeCheats
Victory
Defeat
🇩🇪 Wei · Germany
1250
+17
🇷🇴 Chinese · Romania
1217
+19
🇺🇸 Shu · United States
1193
+20
🇺🇸 Jurchens · United States
1182
+20
🇲🇽 Varangians · Mexico
1342
-22
🇨🇳 Georgians · China
1276
-19
🇲🇽 Inca · Mexico
1261
-18
1229
-17
タタールが村に入った5番
4:21 Loom
14:41 Feudal Age
19:01 Castle Age
17:30 Fletching
19:40 Bodkin Arrow
20:41 Padded Archer Armor
22:43 Scale Barding Armor
33:35 Leather Archer Armor
35:11 Forging
野 人
10:12 Loom
14:57 Feudal Age
19:16 Castle Age
17:43 Double-Bit Axe
18:23 Scale Barding Armor
19:56 Fishing Lines
24:55 Bow Saw
26:44 Forging
26:53 Horse Collar
30:29 Chain Barding Armor
30:18 Fletching
32:52 Wheelbarrow
37:42 Imperial Age
35:36 Heavy Plow
35:53 Bloodlines
36:30 Husbandry
38:02 Iron Casting
37:56 Bodkin Arrow
39:10 Bracer
39:58 Elite Monaspa
41:08 Ballistics
42:11 Chemistry
42:10 Svan Towers
42:19 Guard Tower
43:57 Plate Barding Armor
43:29 Arrowslits
44:56 Iron Casting
47:31 Keep
46:56 Treadmill Crane
48:39 Guilds
Imperial Skirmisher
4:42 Loom
13:31 Feudal Age
17:17 Castle Age
15:25 Double-Bit Axe
15:21 Horse Collar
16:05 Town Watch
18:17 Bow Saw
18:07 Heavy Plow
19:31 Stone Mining
21:15 Wheelbarrow
20:42 Town Watch
24:07 Sanctity
25:56 Fletching
31:39 Imperial Age
29:53 Scale Mail Armor
29:44 Champi Runner
30:19 Arson
31:06 Forging
31:37 Squires
32:45 Chain Mail Armor
33:21 Conscription
34:42 Iron Casting
36:50 Plate Mail Armor
36:29 Champi Warrior
38:31 Blast Furnace
37:59 Gold Mining
39:41 Hand Cart
39:16 Elite Champi Warrior
42:16 Fabric Shields
Corsican Pirate
4:01 Loom
14:29 Feudal Age
15:43 Double-Bit Axe
21:03 Castle Age
19:38 Scale Mail Armor
21:06 Bloodlines
25:16 Scale Barding Armor
25:35 Pikeman
29:53 Horse Collar
34:53 Bow Saw
34:47 Heavy Plow
49:08 Wheelbarrow
NoStaks
9:24 Loom
12:49 Feudal Age
13:53 Double-Bit Axe
15:27 Horse Collar
19:31 Forging
21:44 Castle Age
20:15 Scale Barding Armor
20:51 Bloodlines
21:35 Wheelbarrow
21:55 Gold Mining
22:43 Husbandry
26:22 Chain Barding Armor
26:37 Iron Casting
31:21 Heavy Plow
37:00 Imperial Age
38:19 Plate Barding Armor
38:19 Iron Casting
37:50 Elite Steppe Lancer
Atlan
4:54 Loom
14:32 Feudal Age
18:45 Castle Age
17:19 Double-Bit Axe
17:24 Loom
17:24 Horse Collar
18:57 Scale Barding Armor
19:03 Forging
23:15 Bloodlines
23:32 Husbandry
23:55 Horse Collar
30:45 Fletching
31:46 Elite Skirmisher
32:42 Stone Mining
32:43 Gold Mining
34:14 Chain Barding Armor
34:29 Bodkin Arrow
35:34 Padded Archer Armor
36:12 Iron Casting
37:11 Thumb Ring
38:32 Wheelbarrow
38:39 Bow Saw
38:43 Heavy Plow
41:40 Leather Archer Armor
42:15 Hand Cart
45:04 Gold Shaft Mining
MRP9NDA
3:25 Loom
14:10 Feudal Age
16:07 Double-Bit Axe
17:58 Fishing Lines
22:24 Castle Age
21:33 Gold Mining
21:53 Fletching
23:04 Bodkin Arrow
23:25 Medium Warships
23:06 Gillnets
24:53 Wheelbarrow
25:43 Horse Collar
28:50 Padded Archer Armor
29:53 Gold Shaft Mining
30:29 Ballistics
31:24 Town Watch
31:52 Bow Saw
32:38 Heavy Plow
33:32 Leather Archer Armor
37:16 Imperial Age
35:47 Hand Cart
38:30 Conscription
39:30 Elite Chu Ko Nu
40:30 Bracer
41:32 Chemistry
42:01 Thumb Ring
45:13 Town Patrol
dingus
5:10 Loom
12:15 Feudal Age
13:13 Double-Bit Axe
15:27 Fletching
21:51 Castle Age
22:32 Bodkin Arrow
22:47 Crossbowman
26:33 Padded Archer Armor
27:38 Leather Archer Armor
30:36 Bow Saw
31:03 Wheelbarrow
31:53 Town Watch
33:05 Ballistics
33:13 Horse Collar
34:00 Thumb Ring
37:09 Heavy Plow
41:06 Imperial Age
42:04 Hand Cart
41:48 Gold Mining
41:48 Stone Mining
42:18 Bracer
42:27 Arbalester
46:32 Conscription
46:59 Bolt Magazine
49:36 Chemistry
49:24 Siege Engineers
Connection lost

Rejoining the realm…

Still unreachable

The connection could not be restored.

Session expired

The server has moved on; the page needs a fresh start.